cohdb
Replays
Latest Replays
All Replays
Popular Replays
Top Player Replays
Match Explorer
How It Works
Community
CoH3 Stats
Reddit
Sign in to upload your games and track your stats! →
Sign in with Steam
Match 45454618
Unlisted
Match 45454618
Overview
Messages
Build Orders
End
Vickers Machine Gun Team
Construct Section Command Post
Infantry Section
Infantry Section
Construct Platoon Command Post
Humber Armored Car
Grenade Package
6-pounder Anti-tank Gun Team
CMP 15cwt Truck
Selects Canadian Shock Battlegroup
Selects Offensive Resupply
Selects Canadian Shock Section
Selects Incendiary Munitions
Selects Pyrotechnics
Canadian Shock Section
6-pounder Anti-tank Gun Team
Construct Company Command Post
Matilda II Heavy Tank
Selects Smoke Operation
Canadian Shock Section
Royal Engineer Section
Selects Churchill Crocodile Heavy Tank
Churchill Crocodile Heavy Tank
Canadian Shock Section
Unlock M3 Grant Medium Tanks
Royal Engineer Section
soapmactivish
matheus.vidal18
lamasroman580
chmod 777
InfectedCure
Nick
0
0
Comments
sign in to comment!
No comments posted yet!